 Dungeon Crawl Stone Soup version 0.27.0-1-g7a089689b8 (webtiles) character file.

Game seed: 6531813015573002815

137 Skiberibeda the Digger (level 5, 0/28 HPs)
             Began as a Gargoyle Earth Elementalist on Aug 7, 2021.
             Slain by a ball python (1 damage)
             ... on level 3 of the Dungeon.
             The game lasted 00:07:43 (3539 turns).

Skiberibeda the Digger (GrEE)                       Turns: 3539, Time: 00:07:45

Health: 0/28       AC:  9    Str: 12    XL:     5   Next: 20%
Magic:  1/9        EV:  8    Int: 16    God:
Gold:   105        SH:  0    Dex: 10    Spells: 6/10 levels left

rFire    . . .     SeeInvis .   o - +0 flail
rCold    . . .     Faith    .   (no shield)
rNeg     + . .     Spirit   .   b - +0 robe
rPois    ∞         Reflect  .   (no helmet)
rElec    +         Harm     .   g - +2 cloak
rCorr    .         Rampage  .   (no gloves)
Will     .....                  (no boots)
Stlth    ++........             (no amulet)
HPRegen  0.09/turn              (no ring)
MPRegen  0.11/turn              (no ring)

@: constricted
A: sickness immunity, AC +4, negative energy resistance 1, electricity
resistance, torment resistance 1, petrification resistance
a: no special abilities


You were on level 3 of the Dungeon.
You visited 1 branch of the dungeon, and saw 3 of its levels.

You collected 105 gold pieces.

Inventory:

Hand Weapons
 o - a +0 flail (weapon)
Missiles
 c - 56 stones
Armour
 b - a +0 robe (worn)
 g - a +2 cloak (worn)
Scrolls
 e - 2 scrolls of identify {unknown}
 h - a scroll of teleportation {unknown}
 i - a scroll of brand weapon {unknown}
 j - a scroll of fog {unknown}
 k - a scroll of noise {unknown}
 l - a scroll of torment {unknown}
 m - a scroll of magic mapping {unknown}
 n - a scroll of enchant weapon {unknown}
Potions
 a - a potion of curing {unknown}
 f - 2 potions of berserk rage {unknown}


   Skills:
 - Level 1.5 Dodging
 - Level 2.1 Stealth
 + Level 3.1 Spellcasting
 * Level 2.3 Conjurations
 - Level 0.7 Transmutations
 * Level 5.3 Earth Magic


You had 6 spell levels left.
You knew the following spells:

 Your Spells              Type           Power      Damage    Failure   Level
a - Sandblast             Erth           38%        2d10      1%          1
b - Stone Arrow           Conj/Erth      28%        3d8       12%         3

Your spell library contained the following spells:

 Spells                   Type           Power      Damage    Failure   Level
 Passwall                 Tmut/Erth      10%        N/A       9%          2
 Petrify                  Tmut/Erth      12%        N/A       47%         4
 Swiftness                Air            2%         N/A       50%         3
 Invisibility             Hex            1%         N/A       100%        6


Dungeon Overview and Level Annotations

Branches:
Dungeon (3/15)

Altars:
The Shining One

Shops:
D:2 :

Annotations:
D:3 1 runed translucent door, FIQ's ghost, amateur GnMo; Ijyb


Innate Abilities, Weirdness & Mutations

You are immune to sickness and miasma.
Your stone body is resilient. (AC +4)
You are immune to poison.
You resist negative energy. (rN+)
You are resistant to electric shocks. (rElec)
You are resistant to unholy torment.
You are immune to petrification.


Message History

You escape the ball python's grasp.
Casting: Sandblast (safe; 1% risk of failure)
Confirm with . or Enter, or press ? or * to list all spells.
Aiming: Sandblast (safe; 1% risk of failure)
Press: ? - help, Shift-Dir - straight line, f/p - Ijyb
Aim: Ijyb, wielding a +0 club, wearing a +0 ring mail and carrying a wand of flame (12) (77% to hit)
The blast of sand hits Ijyb!
Ijyb is heavily wounded.
The ball python closely misses you. The ball python grabs you.
The ball python constricts you.
Ijyb zaps a wand.
The puff of flame hits you.
* * * LOW HITPOINT WARNING * * *
Casting: Sandblast (safe; 1% risk of failure)
Confirm with . or Enter, or press ? or * to list all spells.
Aiming: Sandblast (safe; 1% risk of failure)
Press: ? - help, Shift-Dir - straight line, f/p - Ijyb
Aim: Ijyb, wielding a +0 club, wearing a +0 ring mail and carrying a wand of flame (11) (heavily wounded, 77% to hit)
The blast of sand hits Ijyb but does no damage.
Ijyb is heavily wounded.
The ball python closely misses you. The ball python constricts you.
Ijyb barely misses you.
Casting: Sandblast (safe; 1% risk of failure)
Confirm with . or Enter, or press ? or * to list all spells.
Aiming: Sandblast (safe; 1% risk of failure)
Press: ? - help, Shift-Dir - straight line, f/p - Ijyb
Aim: Ijyb, wielding a +0 club, wearing a +0 ring mail and carrying a wand of flame (11) (heavily wounded, 77% to hit)
The blast of sand misses Ijyb.
The ball python bites you but does no damage.
The ball python constricts you. Ijyb hits you with a +0 club.
* * * LOW HITPOINT WARNING * * *
The ball python bites you but does no damage.
The ball python constricts you.
Casting: Sandblast (safe; 1% risk of failure)
Confirm with . or Enter, or press ? or * to list all spells.
Aiming: Sandblast (safe; 1% risk of failure)
Press: ? - help, Shift-Dir - straight line, f/p - Ijyb
Aim: Ijyb, wielding a +0 club, wearing a +0 ring mail and carrying a wand of flame (11) (heavily wounded, 77% to hit)
The blast of sand hits Ijyb.
Ijyb is heavily wounded.
The ball python bites you.
You die...

.#.#.......##....#....
##)......####.....#>..##
.......................
.......................#
...........###........#
......................#
...#####..............#
.## #.†.##.........#
#######.@g.....#
#..S.>...# #........#
#........# ########.# #


You could see Ijyb and a ball python.

Vanquished Creatures
  An orc priest (D:3)
  3 adders
  An adder skeleton (D:3)
  5 dart slugs
  5 orcs (D:3)
  6 ball pythons
  3 endoplasms
  A giant cockroach (D:3)
  5 goblins
  7 hobgoblins
  2 jackals (D:1)
  5 kobolds
  3 quokkas
  2 bats (D:2)
  6 frilled lizards
  5 rats
60 creatures vanquished.

Notes
Turn   | Place    | Note
-------+----------+-------------------------------------------
     0 | D:1      | Skiberibeda the Gargoyle Earth Elementalist began the quest
                  | for the Orb.
     0 | D:1      | Reached XP level 1. HP: 10/10 MP: 3/3
   336 | D:1      | Reached skill level 4 in Earth Magic
   336 | D:1      | Reached XP level 2. HP: 10/15 MP: 5/5
   921 | D:1      | Found a faded altar of an unknown god.
  1081 | D:2      | Reached XP level 3. HP: 19/19 MP: 6/6
  1320 | D:2      | Found Nepp's Book Shop.
  1376 | D:2      | Learned a level 3 spell: Stone Arrow
  1984 | D:2      | Reached skill level 1 in Conjurations
  2185 | D:2      | Reached XP level 4. HP: 24/24 MP: 6/8
  2873 | D:3      | Found a runed translucent door.
  2881 | D:3      | Noticed FIQ's ghost (amateur GnMo)
  3044 | D:3      | Found a glowing golden altar of the Shining One.
  3166 | D:3      | Reached skill level 5 in Earth Magic
  3166 | D:3      | Reached XP level 5. HP: 27/28 MP: 6/9
  3526 | D:3      | Noticed Ijyb
  3538 | D:3      | HP: 1/28 [Ijyb (5)]
  3539 | D:3      | Slain by a ball python

Illustrated notes

Levels and vault maps discovered:
D:1:      dpeg_arrival_rooms_b, layout_rooms, ebering_ecumenical_altar_ruins,
          minmay_lizard_pond
D:2:      minmay_diamond_boxcup, layout_basic, serial_shops, nicolae_square_shop
D:3:      layout_rooms, mainiacjoe_overflow_six_doors_small,
          ebering_ghost_sewer_d, uniq_crazy_yiuf_cottage, uniq_ijyb,
          uniq_terence, uniq_natasha

Skill      XL: |  1  2  3  4 |
---------------+-------------+-----
Earth Magic    | 4 5 |  5.3
Conjurations   | 1 2 |  2.3
Spellcasting   | 3 |  3.1
Dodging        | |  1.5
Stealth        | |  2.1
Transmutations | |  0.7

Action                   |  1- 3 |  4- 6 || total
-------------------------+-------+-------++-------
Melee: Unarmed           |    15 |       ||    15
       Club              |   135 |    59 ||   194
       Flail             |       |    22 ||    22
Throw: Javelin           |     1 |       ||     1
 Cast: Sandblast         |    22 |    22 ||    44
 Stab: Sleeping          |     5 |     2 ||     7
Armor: Robe              |    84 |    51 ||   135
Dodge: Dodged            |   134 |    64 ||   198
